 Dungeon Crawl Stone Soup version 0.29.0-4-gdea44cf6ec (webtiles) character file.

Game seed: 8920189768528200771

1 qw the Sneak (level 1, -2/14 HPs)
             Began as a Gargoyle Delver on Sept 10, 2022.
             Slain by an ufetubus (3 damage)
             ... on level 4 of the Dungeon.
             The game lasted 00:00:00 (19 turns).

qw the Sneak (Gargoyle Delver)                        Turns: 19, Time: 00:00:01

Health: -2/14      AC:  5    Str: 15    XL:     1   Next: 20%
Magic:  1/1        EV: 11    Int: 10    God:
Gold:   0          SH:  0    Dex: 11    Spells: 0/0 levels left

rFire   . . .      SeeInvis .   a - +0 hand axe
rCold   . . .      Faith    .   (no shield)
rNeg    + . .      Spirit   .   b - +0 leather armour
rPois   inf        Reflect  .   (no helmet)
rElec   +          Harm     .   (no cloak)
rCorr   .          Rampage  .   (no gloves)
Will    .....                   (no boots)
Stlth   +++.......              (no amulet)
HPRegen 0.04/turn               (no ring)
MPRegen 0.07/turn               (no ring)

@: no status effects
A: sickness immunity, AC +2, negative energy resistance 1, electricity
resistance, torment resistance 1, petrification resistance
a: no special abilities


You were on level 4 of the Dungeon.
You visited 1 branch of the dungeon, and saw 2 of its levels.


Innate Abilities, Weirdness & Mutations

You are immune to sickness and miasma.
Your stone body is resilient. (AC +2)
You are immune to poison.
You resist negative energy. (rN+)
You are resistant to electric shocks. (rElec)
You are resistant to unholy torment.
You are immune to petrification.


   Skills:
 - Level 3.2 Fighting
 + Level 1.9 Axes
 - Level 1.5 Dodging
 - Level 5.4 Stealth


You couldn't memorise any spells.
You didn't know any spells.
Your spell library was empty.

Inventory:

Hand Weapons
 a - a +0 hand axe (weapon)
Armour
 b - a +0 leather armour (worn)
Wands
 g - a wand of digging (3)
Potions
 c - a potion of brilliance {unknown}
 f - a potion of haste

Dungeon Overview and Level Annotations

Branches:
Dungeon (5/15)
 Temple: D:4-7

Altars:


Message History

Waypoint 1 assigned to D:4.
Enter note: The ball python hisses angrily.
The ufetubus shouts!
You hear an angry hiss.
You closely miss the ball python.
The orc shouts!
An adder comes into view.
The ball python closely misses you. x2
The ball python bites you but does no damage.
The ball python grabs you. The ball python constricts you.
The adder hisses angrily.
You hit the ball python.
The ball python is moderately wounded.
The ball python barely misses you. The ball python constricts you.
An iguana comes into view.
You hit the ball python.
The ball python is heavily wounded.
You closely miss the ufetubus.
The ball python bites you but does no damage.
The ball python constricts you. The ufetubus hits you.
The ufetubus hits you but does no damage.
The ball python bites you. The ball python constricts you.
You hit the ball python.
You kill the ball python!
You hit the ufetubus but do no damage. You barely miss the adder.
The ufetubus barely misses you. x2; The adder closely misses you.
The ufetubus hits you but does no damage.
The ufetubus barely misses you. The adder bites you.
You hit the adder.
The adder is moderately wounded.
You barely miss the orc. You barely miss the ufetubus.
The ufetubus hits you but does no damage.
The ufetubus hits you. The orc barely misses you.
The adder bites you but does no damage.
The ufetubus hits you but does no damage.
The ufetubus closely misses you. The orc hits you but does no damage.
You miss the adder.
The adder is moderately wounded.
You hit the orc. You barely miss the ufetubus.
The adder bites you but does no damage. The ufetubus hits you.
You die...

# $. #. ..
#.. .# #
##..### .# .#
.......#l##.#
.#.........#
....$..%5.##
......S@...#
..#...o.)...#
#(#.##.#.#.#
# #. .# # #
##


You could see an iguana, an adder, an orc and an ufetubus.

Vanquished Creatures
  A ball python (D:4)
1 creature vanquished.

Notes
Turn   | Place    | Note
-------+----------+-------------------------------------------
     0 | D:5      | qw the Gargoyle Delver began the quest for the Orb.
     0 | D:5      | Reached XP level 1. HP: 14/14 MP: 1/1
     0 | D:5      | 0 ||| qw: Version: 0.1-a-116-g5d60599
     0 | D:5      | 0 ||| qw: Game counter: 8214
     0 | D:5      | 0 ||| qw: Always use a shield: true
     0 | D:5      | 0 ||| qw: God list: Okawaru
     0 | D:5      | 0 ||| qw: Allow faded altars: false
     0 | D:5      | 0 ||| qw: Do Orc after D:15 true
     0 | D:5      | 0 ||| qw: Do second Lair branch before Depths: true
     0 | D:5      | 0 ||| qw: Lair rune preference: random
     0 | D:5      | 0 ||| qw: Plans: Normal
     0 | D:5      | 0 ||| PLANNING D:1-11
     0 | D:5      | 0 ||| DROPPING scroll of fog.
     1 | D:5      | 1 ||| DROPPING scroll of magic mapping.
     2 | D:5      | 2 ||| DROPPING scroll of fear.
    15 | D:4      | Noticed an iguana
    17 | D:4      | HP: 3/14 [adder (3)]
    18 | D:4      | HP: 1/14 [ufetubus (2)]
    19 | D:4      | Slain by an ufetubus

Levels and vault maps discovered:
D:4:      layout_loops_ring, uniq_eustachio
D:5:      layout_loops_ring, nicolae_ossuary_entry_false_entrances

Action                   || total
-------------------------++-------
Melee: Hand axe          ||     6
Armor: Leather armour    ||     9
Dodge: Dodged            ||     9

Table legend:
 A = Non-vault XP
 B = Vault XP
 C = Vault XP percentage of total XP
 D = Non-vault monster count
 E = Vault monster count
 F = Vault count percentage of total count
                 A         B        C        D         E       F
            +---------+---------+-------+---------+---------+-------
      Total |       2 |       0 |   0.0 |       1 |       0 |   0.0
            +---------+---------+-------+---------+---------+-------
        D:4 |       2 |       0 |   0.0 |       1 |       0 |   0.0
            +---------+---------+-------+---------+---------+-------
